[Event "Titled Tuesday Blitz August 22 Early 2023"]
[White "Yuruultei Batbaatar"]
[Black "Feliz Dotel, Dewar Bienvenido"]
[WhiteFideId "4905962"]
[BlackFideId "6402801"]
[WhiteElo "2377"]
[BlackElo "2143"]
[Result "1-0"]
[Round "7"]
[TimeControl "180+1"]
[Date "2023.08.22"]
[WhiteClock "0:01:38"]
[BlackClock "0:00:00"]
[Board "181"]

1. d4 d5 2. c4 e6 3. Nc3 c5 4. cxd5 exd5 5. Nf3 Nc6 6. g3 Nf6 7. Bg2 Be7 8. O-O O-O 9. dxc5 Bxc5 10. Bg5 Be6 11. Rc1 Be7 12. Nd4 Nxd4 13. Qxd4 h6 14. Be3 Qa5 15. Rfd1 Ng4 16. Nxd5 Bxd5 17. Bxd5 Nxe3 18. Qxe3 Bf6 19. Bxb7 Rab8 20. Rd7 Qxa2 21. Rcc7 Rbe8 22. Qf3 Qxb2 23. Bd5 Rxe2 24. Rxf7 Rxf7 25. Bxf7+ Kf8 26. Qa8+ 1-0


[Site "https://www.chess.com"]

[Event "Titled Tuesday Blitz August 22 Early 2023"]
[White "Rodriguez Fontecha, Marcos"]
[Black "Nugumanov, Bakhtiyar"]
[WhiteFideId "2256576"]
[BlackFideId "13701797"]
[WhiteElo "2376"]
[BlackElo "2126"]
[Result "1-0"]
[Round "7"]
[TimeControl "180+1"]
[Date "2023.08.22"]
[WhiteClock "0:00:02"]
[BlackClock "0:00:00"]
[Board "182"]

1. e4 e6 2. d4 d5 3. Nc3 Bb4 4. Ne2 Nc6 5. a3 Ba5 6. b4 Bb6 7. exd5 exd5 8. Na4 Nf6 9. Nxb6 axb6 10. Ng3 O-O 11. Be2 Re8 12. O-O Ne4 13. Be3 Nc3 14. Qd3 Nxe2+ 15. Nxe2 Bg4 16. Nf4 Qd7 17. Qb3 Ne7 18. Nxd5 Nxd5 19. c4 Nf6 20. d5 Qf5 21. Rfe1 Qh5 22. Qc3 Qg6 23. Bd4 Ne4 24. Qd3 Bf5 25. Qb3 h5 26. Re3 Nd2 27. Qc3 Rxe3 28. Bxe3 Nf3+ 29. Kh1 Nh4 30. g3 Bh3 31. Bf4 Qe4+ 32. f3 Nxf3 33. Qe3 Re8 34. Qxe4 Rxe4 35. d6 Re2 36. g4 1-0


[Site "https://www.chess.com"]

[Event "Titled Tuesday Blitz August 22 Early 2023"]
[White "Kozelov, Roman"]
[Black "Kriti Mayur Patel"]
[WhiteFideId "14133377"]
[BlackFideId "35061780"]
[WhiteElo "2372"]
[BlackElo "2094"]
[Result "0-1"]
[Round "7"]
[TimeControl "180+1"]
[Date "2023.08.22"]
[WhiteClock "0:00:34"]
[BlackClock "0:00:18"]
[Board "183"]

1. e4 e5 2. Nf3 Nc6 3. d4 exd4 4. Nxd4 Bb4+ 5. c3 Bc5 6. Be3 Bb6 7. Bc4 Nf6 8. O-O d6 9. Nxc6 bxc6 10. Bg5 Qe7 11. Nd2 h6 12. Bh4 g5 13. Bg3 Bg4 14. Qb3 Rb8 15. Qa4 Bd7 16. Rae1 Ng4 17. h3 Ne5 18. Kh2 h5 19. f4 h4 20. fxe5 hxg3+ 21. Kxg3 Qxe5+ 22. Kf3 Rh4 23. Ke2 g4 24. Rxf7 gxh3 25. Ref1 Rxe4+ 26. Nxe4 Qxe4+ 27. Kd1 Bg4+ 28. R7f3 hxg2 29. Kc1 gxf1=Q+ 30. Rxf1 Be3# 0-1


[Site "https://www.chess.com"]

[Event "Titled Tuesday Blitz August 22 Early 2023"]
[White "Shapiro, Daniel"]
[Black "Veinberg, Nimrod"]
[WhiteFideId "2001780"]
[BlackFideId "2810280"]
[WhiteElo "2293"]
[BlackElo "2689"]
[Result "0-1"]
[Round "7"]
[TimeControl "180+1"]
[Date "2023.08.22"]
[WhiteClock "0:00:00"]
[BlackClock "0:00:05"]
[Board "184"]

1. d4 Nf6 2. c4 e6 3. g3 d5 4. Nf3 Be7 5. Bg2 O-O 6. O-O dxc4 7. Ne5 Nc6 8. Bxc6 bxc6 9. Nxc6 Qe8 10. Nxe7+ Qxe7 11. Qa4 e5 12. dxe5 Qxe5 13. Qxc4 Be6 14. Qd3 Rad8 15. Qe3 Qh5 16. f3 Rfe8 17. Qf2 Bc4 18. Nc3 Nd5 19. g4 Qg6 20. Nxd5 Rxe2 21. Qxe2 Qa6 22. Qe7 Rf8 23. Rd1 Be2 24. Re1 Bxf3 25. Nc3 Qc4 26. Qe5 h5 27. gxh5 Kh8 28. Qg3 f6 29. Bf4 Bxh5 30. Re7 g5 31. Be3 Bf7 32. Qxc7 Qg4+ 33. Qg3 Qf5 34. Rf1 Qg6 0-1


[Site "https://www.chess.com"]

[Event "Titled Tuesday Blitz August 22 Early 2023"]
[White "Berezin, Viktor"]
[Black "Carre, Sylvain"]
[WhiteFideId "14107872"]
[BlackFideId "642118"]
[WhiteElo "2470"]
[BlackElo "2333"]
[Result "0-1"]
[Round "7"]
[TimeControl "180+1"]
[Date "2023.08.22"]
[WhiteClock "0:00:50"]
[BlackClock "0:00:06"]
[Board "185"]

1. Nf3 d5 2. c4 c6 3. g3 Nf6 4. Bg2 Bf5 5. O-O e6 6. d3 dxc4 7. dxc4 Qxd1 8. Rxd1 Be7 9. Nc3 O-O 10. Nd4 Bg6 11. Bg5 Na6 12. a3 Rad8 13. b4 h6 14. Bf4 Ng4 15. h3 e5 16. hxg4 exd4 17. Ne4 Rfe8 18. Nd2 Bf6 19. Bf3 Bc2 20. Re1 d3 21. Rac1 Bb2 22. Be4 g5 23. Be3 Bxc1 24. Rxc1 Rxe4 25. Nxe4 dxe2 26. Nd2 Bd1 27. Nf3 Nc7 28. Bxa7 Ne6 29. Be3 Ra8 30. Ra1 Rd8 31. Ne1 Nd4 32. a4 Nc2 33. Nxc2 Bxc2 34. Re1 Rd1 0-1


[Site "https://www.chess.com"]

[Event "Titled Tuesday Blitz August 22 Early 2023"]
[White "Hrescak, Ivana"]
[Black "Forgacs, Attila Jr."]
[WhiteFideId "14613441"]
[BlackFideId "773654"]
[WhiteElo "2281"]
[BlackElo "2466"]
[Result "1-0"]
[Round "7"]
[TimeControl "180+1"]
[Date "2023.08.22"]
[WhiteClock "0:00:05"]
[BlackClock "0:00:00"]
[Board "186"]

1. e4 e5 2. Nc3 Nf6 3. d4 exd4 4. Qxd4 Nc6 5. Qd3 Bb4 6. Bd2 O-O 7. O-O-O Re8 8. Nge2 Ne5 9. Qg3 d6 10. f3 Nc4 11. Bg5 Be6 12. Nd5 Bxd5 13. exd5 Re5 14. Nd4 Nb6 15. Bd3 Nbxd5 16. Nf5 g6 17. Nh6+ Kg7 18. h4 Qd7 19. Nf5+ Kg8 20. h5 Rxf5 21. Bxf5 Qxf5 22. hxg6 fxg6 23. Qh4 Qe5 24. Rxd5 Qxd5 25. Bxf6 Bd2+ 26. Kb1 h6 27. Qg4 1-0


[Site "https://www.chess.com"]

[Event "Titled Tuesday Blitz August 22 Early 2023"]
[White "Fernandez Garcia, Gumersindo"]
[Black "Zampronha, Wladimir Camilo"]
[WhiteFideId "24516740"]
[BlackFideId "2103087"]
[WhiteElo "2395"]
[BlackElo "2270"]
[Result "0-1"]
[Round "7"]
[TimeControl "180+1"]
[Date "2023.08.22"]
[WhiteClock "0:00:42"]
[BlackClock "0:00:57"]
[Board "187"]

1. e4 c5 2. a3 d5 3. exd5 Qxd5 4. b4 Qe5+ 5. Be2 Qxa1 6. Nc3 cxb4 7. axb4 e6 8. Bb5+ Bd7 9. Nge2 Bxb4 10. O-O Qa5 11. Bxd7+ Nxd7 12. Bb2 Ngf6 13. f4 O-O 14. f5 exf5 15. Ng3 g6 16. Nce2 Bxd2 17. Kh1 Rfd8 18. Nd4 Bc3 19. Nb3 Qb4 20. Bc1 a5 21. Rf4 Qf8 22. Qf3 Be5 23. Rh4 a4 24. Bh6 axb3 25. cxb3 Bxg3 26. hxg3 Qd6 27. Bf4 Qc6 28. Kh2 Qxf3 29. gxf3 0-1


[Site "https://www.chess.com"]

[Event "Titled Tuesday Blitz August 22 Early 2023"]
[White "Nosacheva, Mariya"]
[Black "Kaminski, Victor"]
[WhiteFideId "34111422"]
[BlackFideId "1131630"]
[WhiteElo "2389"]
[BlackElo "2253"]
[Result "0-1"]
[Round "7"]
[TimeControl "180+1"]
[Date "2023.08.22"]
[WhiteClock "0:00:35"]
[BlackClock "0:00:10"]
[Board "189"]

1. e4 e5 2. Nf3 Nc6 3. Bc4 Bc5 4. O-O Nf6 5. d4 Bxd4 6. Nxd4 Nxd4 7. f4 d6 8. fxe5 dxe5 9. Bg5 O-O 10. Bxf6 gxf6 11. Na3 Ne6 12. Qf3 Ng5 13. Qe2 Qd4+ 14. Kh1 Qxe4 15. Qxe4 Nxe4 16. Bd5 f5 17. Rae1 c6 18. Bxe4 fxe4 19. Rxe4 f6 20. g4 Be6 21. c4 h6 22. h4 Kg7 23. g5 hxg5 24. hxg5 fxg5 25. Rxf8 Rxf8 26. Rxe5 Kf6 27. Re2 Rh8+ 28. Kg1 Rh4 29. b3 a5 30. Nc2 a4 31. Rf2+ Kg6 32. Re2 Kf7 33. Kg2 Rg4+ 34. Kf2 Rf4+ 35. Kg2 Bg4 36. Rd2 Bf5 37. Nd4 Be4+ 38. Kg1 a3 39. Kh2 Bb1 40. Kg3 Bxa2 41. Nxc6 Bxb3 42. Ne5+ Ke6 43. Re2 Kf5 44. c5 Re4 0-1


[Site "https://www.chess.com"]

[Event "Titled Tuesday Blitz August 22 Early 2023"]
[White "Fernandez Hernandez, Gerardo"]
[Black "Legenia, Artem"]
[WhiteFideId "2207400"]
[BlackFideId "14136945"]
[WhiteElo "2250"]
[BlackElo "2377"]
[Result "1-0"]
[Round "7"]
[TimeControl "180+1"]
[Date "2023.08.22"]
[WhiteClock "0:00:19"]
[BlackClock "0:01:31"]
[Board "190"]

1. e4 d5 2. exd5 Qxd5 3. Nc3 Qa5 4. g3 Nf6 5. Bg2 Nc6 6. Nge2 Bg4 7. h3 Bf5 8. O-O O-O-O 9. d3 e5 10. Be3 e4 11. d4 Bb4 12. a3 Bxc3 13. Nxc3 Nxd4 14. Bxd4 c5 15. b4 cxb4 16. axb4 Qxb4 17. Ne2 e3 18. c3 Qd6 19. Bxe3 Qxd1 20. Rfxd1 a6 21. Bb6 Rde8 22. Nf4 Nd7 23. Nd5 Ne5 24. Bd4 f6 25. f4 Nc4 26. Re1 Kb8 27. Kf2 h5 28. Rxe8+ Rxe8 29. Re1 Rxe1 30. Kxe1 a5 31. Ne3 Nxe3 32. Bxe3 Kc7 33. Bc5 b6 34. Bf8 a4 35. Kd2 Kd7 36. Kc1 b5 37. Bf1 Kc6 38. Kb2 Kd5 39. Bxg7 Ke4 40. Bxf6 Kf3 41. Bh4 Bd7 42. Ka3 Kf2 43. Bd3 Kg2 44. f5 Kxh3 45. f6 Be8 46. Bxb5 Bf7 47. Kxa4 Kg4 48. Kb4 Kf5 49. Bc4 Be8 50. f7 1-0


[Site "https://www.chess.com"]

[Event "Titled Tuesday Blitz August 22 Early 2023"]
[White "Labussiere, Yago"]
[Black "Andrade Truyol, Geiner Jose"]
[WhiteFideId "2186969"]
[BlackFideId "4431987"]
[WhiteElo "2376"]
[BlackElo "2219"]
[Result "1/2-1/2"]
[Round "7"]
[TimeControl "180+1"]
[Date "2023.08.22"]
[WhiteClock "0:00:11"]
[BlackClock "0:00:21"]
[Board "191"]

1. c4 e5 2. Nc3 Nf6 3. Nf3 d6 4. d4 Nbd7 5. g3 g6 6. Bg2 Bg7 7. O-O O-O 8. b3 c6 9. dxe5 dxe5 10. Ba3 Re8 11. Qc2 Qa5 12. Bb2 h5 13. a3 Nf8 14. Rad1 Bf5 15. e4 Bg4 16. Ne2 Bxf3 17. Bxf3 Ng4 18. h3 Nf6 19. Kg2 Rad8 20. Rxd8 Qxd8 21. Rd1 Qc7 22. Qc3 N6d7 23. b4 Ne6 24. Qe3 b6 25. h4 Ndf8 26. Rd3 Rd8 27. Qd2 Rd7 28. Kg1 Qd8 29. Rxd7 Qxd7 30. Qxd7 Nxd7 31. Bg2 Nd4 32. Kf1 Nf8 33. Bh3 Bh6 34. Nxd4 exd4 35. Bxd4 Bc1 36. a4 Ba3 37. b5 cxb5 38. cxb5 Bd6 39. Ke2 Nh7 40. Kd3 g5 41. Kc4 gxh4 42. gxh4 Be7 43. Kd5 Bxh4 44. Kc6 Ng5 45. Bf5 Nf3 46. Be3 Ne5+ 47. Kb7 Nc4 48. Kxa7 Nxe3 49. fxe3 Bd8 50. Kb7 Kg7 51. Kc8 Be7 52. Kc7 Bc5 53. Kc6 Bxe3 54. e5 Kh6 55. Bh3 Kg5 56. a5 bxa5 57. b6 Bxb6 58. Kxb6 a4 59. e6 fxe6 60. Bxe6 h4 61. Kc5 a3 62. Kb4 a2 63. Bxa2 h3 64. Bd5 Kf4 65. Bc6 Ke3 66. Bb7 Kf2 67. Ba8 Kg1 68. Bb7 h2 69. Bc6 h1=Q 70. Bxh1 1/2-1/2


[Site "https://www.chess.com"]

[Event "Titled Tuesday Blitz August 22 Early 2023"]
[White "Efremov, Vladislav"]
[Black "Kula, Robert"]
[WhiteFideId "44159935"]
[BlackFideId "1101218"]
[WhiteElo "2370"]
[BlackElo "2127"]
[Result "1-0"]
[Round "7"]
[TimeControl "180+1"]
[Date "2023.08.22"]
[WhiteClock "0:01:17"]
[BlackClock "0:00:00"]
[Board "192"]

1. e4 c6 2. d4 g6 3. Nc3 Bg7 4. Be3 Nf6 5. Qd2 O-O 6. f3 d5 7. e5 Nfd7 8. Bh6 e6 9. h4 c5 10. dxc5 Nxc5 11. h5 Qe7 12. hxg6 fxg6 13. Bxg7 Qxg7 14. f4 Nc6 15. Nf3 Bd7 16. O-O-O Rad8 17. Bd3 Nxd3+ 18. cxd3 Rc8 19. Kb1 a5 20. d4 Rf5 21. g4 Rff8 22. Nb5 Nxe5 23. Nxe5 Bxb5 24. Qxa5 Ba6 25. Qb6 Rce8 26. f5 exf5 27. Qc5 Rd8 28. gxf5 Rxf5 29. Rh2 Qf8 30. Qxf8+ Rdxf8 31. Rdh1 Rf1+ 32. Kc2 R8f2+ 33. Rxf2 Rxf2+ 34. Kc3 Rf3+ 35. Kb4 Rf2 36. Kc3 Kg7 37. a4 h5 38. Rg1 Rf6 39. b4 b6 40. b5 Bc8 41. Kb4 Kh6 42. a5 bxa5+ 43. Kxa5 g5 44. b6 g4 45. Kb5 Kg5 46. Kc5 1-0


[Site "https://www.chess.com"]

[Event "Titled Tuesday Blitz August 22 Early 2023"]
[White "Senft, Sean"]
[Black "Semenova, Alina"]
[WhiteFideId "2044960"]
[BlackFideId "24113875"]
[WhiteElo "2339"]
[BlackElo "2067"]
[Result "0-1"]
[Round "7"]
[TimeControl "180+1"]
[Date "2023.08.22"]
[WhiteClock "0:00:00"]
[BlackClock "0:00:20"]
[Board "193"]

1. d4 d5 2. c4 e6 3. cxd5 exd5 4. Nc3 Nf6 5. Nf3 Be7 6. Bg5 O-O 7. e3 c6 8. Bd3 Nbd7 9. Qc2 h6 10. Bh4 Re8 11. O-O Ne4 12. Bxe7 Qxe7 13. Nd2 Nxd2 14. Qxd2 Nf6 15. Rac1 Ng4 16. h3 Nf6 17. Bb1 a5 18. Na4 Nh5 19. Qd3 g6 20. Nb6 Bf5 21. Qc3 Bxb1 22. Nxa8 Bf5 23. Nb6 Qh4 24. Qxa5 Nf6 25. Qe1 g5 26. f3 Qh5 27. g4 Qxh3 28. gxf5 Rxe3 29. Qf2 Nh5 30. Rc2 Nf4 31. Qxe3 Qg3+ 32. Kh1 Qh3+ 33. Kg1 Qg3+ 34. Kh1 Qh3+ 35. Rh2 Qxf1+ 36. Qg1 Qxf3+ 37. Rg2 h5 38. Nd7 h4 39. Nf6+ Kg7 0-1


[Site "https://www.chess.com"]

[Event "Titled Tuesday Blitz August 22 Early 2023"]
[White "Bazilius, Augustinas"]
[Black "Buraczewski, Rafal"]
[WhiteFideId "12832251"]
[BlackFideId "1155245"]
[WhiteElo "2458"]
[BlackElo "2116"]
[Result "1-0"]
[Round "7"]
[TimeControl "180+1"]
[Date "2023.08.22"]
[WhiteClock "0:00:06"]
[BlackClock "0:00:05"]
[Board "194"]

1. d4 Nf6 2. c4 g6 3. Nf3 Bg7 4. g3 O-O 5. Bg2 d5 6. cxd5 Nxd5 7. O-O c6 8. e4 Nb6 9. Nc3 Bg4 10. e5 Na6 11. Ne4 f6 12. exf6 exf6 13. h3 Bf5 14. Nc5 Nxc5 15. dxc5 Nd5 16. Nd4 Qd7 17. Nxf5 Qxf5 18. Qb3 Rab8 19. Rd1 Rfd8 20. Bf4 Rbc8 21. Bd6 Bf8 22. Bxd5+ cxd5 23. Rxd5 Qe6 24. Rad1 b6 25. cxb6 axb6 26. Bxf8 Rxd5 27. Qxd5 Qxd5 28. Rxd5 Kxf8 29. Rd6 Ra8 30. Rxf6+ Ke7 31. Rxb6 Rxa2 32. Rb7+ Kf6 33. Rxh7 Rxb2 34. Rh4 Rb1+ 35. Kg2 Rb3 36. Rf4+ Kg5 37. h4+ Kh6 38. Kh3 Kh5 39. Rf8 Kh6 40. Kg4 Kg7 41. Rf3 Rb4+ 42. Rf4 Rb2 43. f3 Rb3 44. Re4 Ra3 45. Kf4 Ra5 46. g4 Kf6 47. Kg3 Kg7 48. Rd4 Ra3 49. Rd7+ Kf6 50. Rd6+ Kg7 51. Rb6 Kf7 52. Rb5 Ra4 53. h5 gxh5 54. Rxh5 Kg7 55. Re5 Kf6 56. Re4 Ra3 57. Kf4 Ra1 58. g5+ Kg6 59. Re6+ Kf7 60. Kf5 Kg7 61. Re5 Ra7 62. f4 Rf7+ 63. Kg4 Kg6 64. Re6+ Kg7 65. f5 Ra7 66. Kh5 Ra1 67. Re7+ Kf8 68. f6 Rg1 69. Kg6 Rg3 70. Rh7 Kg8 71. Rb7 Rxg5+ 72. Kxg5 Kf8 73. Kg6 Kg8 74. Rg7+ Kf8 75. Kf5 Ke8 76. Ke6 Kf8 77. Rf7+ Kg8 78. Ke7 Kh8 79. Rf8+ Kh7 80. f7 Kg7 81. Rg8+ Kh7 82. Rg1 Kh8 83. Rg2 Kh7 84. f8=N+ Kh6 85. Rg6+ Kh5 86. Kf6 Kh4 87. Ne6 Kh3 88. Ng7 Kh4 89. Rg5 Kh3 90. Kf5 Kh2 91. Rg4 Kh3 92. Kf4 Kh2 93. Rg3 Kh1 94. Nf5 Kh2 95. Ne3 Kh1 96. Kf3 Kh2 97. Nc4 Kh1 98. Nd6 Kh2 99. Ne4 Kh1 100. Nf6 Kh2 101. Ng4+ Kh1 102. Nf2+ Kh2 103. Rg2# 1-0


[Site "https://www.chess.com"]

[Event "Titled Tuesday Blitz August 22 Early 2023"]
[White "Rodriguez Santiago, Jaime"]
[Black "Mrudul Dehankar"]
[WhiteFideId "3100898"]
[BlackFideId "25096990"]
[WhiteElo "2248"]
[BlackElo "2398"]
[Result "0-1"]
[Round "7"]
[TimeControl "180+1"]
[Date "2023.08.22"]
[WhiteClock "0:00:02"]
[BlackClock "0:00:10"]
[Board "195"]

1. d4 Nf6 2. c4 e6 3. Nc3 Bb4 4. e3 b6 5. Ne2 c5 6. a3 Ba5 7. d5 Bb7 8. e4 Nxe4 9. Qd3 Nxc3 10. Nxc3 O-O 11. Bd2 exd5 12. cxd5 Re8+ 13. Kd1 d6 14. Qg3 Qf6 15. Bb5 Rf8 16. Re1 a6 17. Bd3 Nd7 18. Bg5 Qd4 19. Re4 Bxc3 20. Rxd4 Bxd4 21. Qxd6 Ne5 22. Be4 f5 23. Bf3 Rae8 24. Qxb6 Nxf3 25. gxf3 Bxd5 26. Kc2 Rb8 27. Qd6 Bxf3 28. Bc1 Be4+ 29. Kd1 Rfd8 30. Qe6+ Kh8 31. Ke1 Re8 32. Qd6 Rbd8 33. Qc7 Bf3+ 34. Be3 Be5 35. Qxc5 f4 36. Rc1 fxe3 37. fxe3 Bd4 38. Qc7 Bxe3 39. Rc3 Bf4+ 40. Kf2 Bxc7 41. Kxf3 Be5 42. Rc6 Rd6 43. Rc2 Rf6+ 44. Kg2 h5 0-1


[Site "https://www.chess.com"]

[Event "Titled Tuesday Blitz August 22 Early 2023"]
[White "Ronka, Erik"]
[Black "Schut, Han"]
[WhiteFideId "505080"]
[BlackFideId "1005561"]
[WhiteElo "2395"]
[BlackElo "2242"]
[Result "1-0"]
[Round "7"]
[TimeControl "180+1"]
[Date "2023.08.22"]
[WhiteClock "0:00:31"]
[BlackClock "0:00:00"]
[Board "196"]

1. e4 c5 2. a3 g6 3. b4 Bg7 4. Nc3 cxb4 5. axb4 Nc6 6. b5 Nd4 7. Nf3 d6 8. Nxd4 Bxd4 9. Be2 Nf6 10. Ra4 Qb6 11. O-O Bd7 12. Bb2 e5 13. Qa1 O-O 14. Nd5 Nxd5 15. Bxd4 exd4 16. exd5 Bxb5 17. Rb1 a6 18. Rxb5 axb5 19. Rxa8 Qc5 20. Rxf8+ Kxf8 21. Qa2 b4 22. h3 Kg7 23. Qc4 f6 24. Qxc5 dxc5 25. Bc4 Kf7 26. f4 Ke7 27. Kf2 Kd6 28. d3 b5 29. Bxb5 Kxd5 30. Bc4+ Kd6 31. Kf3 h5 32. g4 1-0


[Site "https://www.chess.com"]

[Event "Titled Tuesday Blitz August 22 Early 2023"]
[White "KorolDimitriy75"]
[Black "Kiseleva, Arina"]
[BlackFideId "4164989"]
[WhiteElo "2373"]
[BlackElo "2237"]
[Result "1-0"]
[Round "7"]
[TimeControl "180+1"]
[Date "2023.08.22"]
[WhiteClock "0:00:06"]
[BlackClock "0:00:02"]
[Board "197"]

1. d4 Nf6 2. c4 e6 3. Nc3 Bb4 4. Qc2 O-O 5. e4 d6 6. e5 dxe5 7. dxe5 Nfd7 8. Nf3 Nc6 9. Bf4 Ne7 10. O-O-O Ng6 11. Bg3 Qe7 12. h4 h5 13. Bd3 Bxc3 14. Qxc3 b6 15. Qc2 Qe8 16. Ng5 Nc5 17. Be2 Bb7 18. Bxh5 a5 19. f3 a4 20. Nxf7 Qxf7 21. Bxg6 Qe7 22. h5 a3 23. Bh4 axb2+ 24. Kb1 Rf6 25. exf6 gxf6 26. Qc3 e5 27. h6 Na4 28. Qb3 Kh8 29. Rhe1 Ba6 30. Be4 Rb8 31. Bd5 b5 32. f4 Qf8 33. fxe5 fxe5 34. Rf1 Qe8 35. Bf6+ Kh7 36. Qd3+ e4 37. Bxe4+ Kg8 38. Bd5+ Kf8 39. Bg5+ 1-0


[Site "https://www.chess.com"]

[Event "Titled Tuesday Blitz August 22 Early 2023"]
[White "Sarkar, Justin"]
[Black "Vaglio Munoz, Jaime"]
[WhiteFideId "2010011"]
[BlackFideId "6500145"]
[WhiteElo "2229"]
[BlackElo "2324"]
[Result "1-0"]
[Round "7"]
[TimeControl "180+1"]
[Date "2023.08.22"]
[WhiteClock "0:00:06"]
[BlackClock "0:01:10"]
[Board "198"]

1. d4 c5 2. d5 d6 3. Nc3 a6 4. e4 b5 5. a4 b4 6. Nb1 g6 7. Nf3 Bg4 8. Be2 Bxf3 9. Bxf3 Nd7 10. O-O Bg7 11. Nd2 Ngf6 12. Nc4 O-O 13. a5 Rb8 14. Re1 Qc7 15. g4 Ne8 16. Bf4 Ne5 17. Bxe5 dxe5 18. Qd2 Nd6 19. Qd3 Rb5 20. Be2 Nxc4 21. Qxc4 Rxa5 22. Rxa5 Qxa5 23. Qxa6 Qxa6 24. Bxa6 Ra8 25. Ra1 Bh6 26. b3 Bg5 27. Ra4 Kf8 28. Bb5 Rb8 29. Bc6 h5 30. gxh5 gxh5 31. Ra5 c4 32. bxc4 b3 33. cxb3 Rxb3 34. Ra8+ Kg7 35. c5 h4 36. Bd7 h3 37. Kf1 Bh4 38. c6 Rc3 39. Bxh3 Rc2 40. Bd7 Rxf2+ 41. Kg1 Rc2 42. Rc8 Bg5 43. Kf1 Be3 44. Ke1 Kf6 45. h4 Rc4 46. Ke2 Bd4 47. Kd3 Rc3+ 48. Kd2 Rc5 49. h5 Kg5 50. Re8 Kxh5 51. Rxe7 f6 52. d6 Ra5 53. c7 Ra2+ 54. Kc1 Ra1+ 55. Kc2 Ra3 56. c8=Q Rc3+ 57. Qxc3 Bxc3 58. Kxc3 Kg5 59. Rf7 Kf4 60. Rxf6+ Kxe4 61. Re6 Kd5 62. Rxe5+ Kxd6 63. Re6+ Kxd7 64. Rh6 Ke7 65. Kd4 Kf7 66. Ke5 Kg7 67. Rf6 Kh7 68. Ke6 Kg7 69. Ke7 Kg8 70. Ke8 Kg7 71. Re6 Kh7 72. Kf8 Kh8 73. Rh6# 1-0


[Site "https://www.chess.com"]

[Event "Titled Tuesday Blitz August 22 Early 2023"]
[White "Mikhaylova, Irina"]
[Black "hsd2016"]
[WhiteFideId "4109040"]
[WhiteElo "2321"]
[BlackElo "2222"]
[Result "0-1"]
[Round "7"]
[TimeControl "180+1"]
[Date "2023.08.22"]
[WhiteClock "0:00:18"]
[BlackClock "0:00:08"]
[Board "199"]

1. d4 Nf6 2. Nf3 e6 3. c4 b6 4. a3 Bb7 5. Nc3 d5 6. Qc2 Nbd7 7. cxd5 exd5 8. Bg5 a6 9. e3 Bd6 10. Bd3 h6 11. Bh4 O-O 12. O-O Qe7 13. Rac1 Rfe8 14. Rfd1 c5 15. Bf5 Rad8 16. dxc5 bxc5 17. Nxd5 Bxd5 18. Rxd5 g5 19. Rcd1 Nb6 20. Rxd6 Rxd6 21. Rxd6 Qxd6 22. Bg3 Qd5 23. h4 g4 24. Nd2 Rd8 25. Nf1 Nc4 26. Qc3 Qxf5 27. Qxc4 Rd1 28. Kh2 Qe6 29. Qe2 Qd5 30. Qxa6 Qe6 31. e4 Qxa6 32. Ne3 Re1 33. Nf5 Qf1 34. Ne7+ Kg7 35. Be5 Qh1+ 36. Kg3 Rxe4 37. Bxf6+ Kxf6 38. Nd5+ Ke5 39. Ne3 Qe1 40. Nxg4+ Rxg4+ 41. Kxg4 Qxf2 42. Kh3 Qxb2 43. g3 Qxa3 44. Kg4 c4 45. Kh5 c3 46. g4 c2 47. g5 c1=Q 48. Kxh6 Qf3 49. h5 Qf5 50. Kg7 Qcxg5+ 51. Kf8 Qc8+ 52. Kxf7 Qf6# 0-1


[Site "https://www.chess.com"]

[Event "Titled Tuesday Blitz August 22 Early 2023"]
[White "Sovetbekova, Nurai"]
[Black "Flis, Pawel"]
[WhiteFideId "13801910"]
[BlackFideId "1112864"]
[WhiteElo "2309"]
[BlackElo "2126"]
[Result "1-0"]
[Round "7"]
[TimeControl "180+1"]
[Date "2023.08.22"]
[WhiteClock "0:00:50"]
[BlackClock "0:00:19"]
[Board "200"]

1. d4 Nf6 2. c4 c5 3. d5 b5 4. Qc2 bxc4 5. e4 d6 6. Bxc4 g6 7. Nc3 Bg7 8. Nf3 O-O 9. O-O Ba6 10. b3 Bxc4 11. bxc4 Na6 12. Bb2 Nb4 13. Qe2 Nd7 14. Na4 Bxb2 15. Nxb2 f6 16. a3 Na6 17. Nd3 Qa5 18. Rfb1 Rab8 19. Nd2 Ne5 20. Nxe5 fxe5 21. Nb3 Qa4 22. Nd2 Rxb1+ 23. Nxb1 Rb8 24. Nc3 Qb3 25. Nb5 Rb7 26. h3 Nc7 27. Qg4 Qxc4 28. Qc8+ Kg7 29. Nxc7 Rb2 30. Ne6+ Kh6 31. Qf8+ Kh5 32. g4+ Kh4 33. Qh6# 1-0


[Site "https://www.chess.com"]

[Event "Titled Tuesday Blitz August 22 Early 2023"]
[White "Floresvillar Gonzalez, Luis Migu"]
[Black "Blokhin, Sofia"]
[WhiteFideId "5100542"]
[BlackFideId "4508190"]
[WhiteElo "2124"]
[BlackElo "2290"]
[Result "0-1"]
[Round "7"]
[TimeControl "180+1"]
[Date "2023.08.22"]
[WhiteClock "0:00:00"]
[BlackClock "0:00:11"]
[Board "201"]

1. e4 c5 2. d4 cxd4 3. c3 dxc3 4. Nxc3 e6 5. Nf3 Nc6 6. Bc4 a6 7. Bf4 Nf6 8. e5 Nh5 9. Be3 g6 10. Ne4 Nxe5 11. Nxe5 Qa5+ 12. Nc3 Qxe5 13. O-O Qc7 14. Be2 Bg7 15. Bxh5 gxh5 16. Qxh5 b6 17. Rac1 Qe5 18. Qf3 d5 19. Bxb6 Bb7 20. Rfe1 Qd6 21. Be3 O-O 22. Rcd1 Rad8 23. Qg4 Kh8 24. Bg5 Rc8 25. Ne4 Qb4 26. Nf6 Qxg4 27. Nxg4 Bxb2 28. Rb1 Bc3 29. Bf6+ Bxf6 30. Nxf6 Bc6 31. h4 Kg7 32. Ng4 Rb8 33. Rbc1 Bb5 34. Ne5 Rbc8 35. f4 f6 36. Nf3 Kf7 37. Rxc8 Rxc8 38. Nd4 Bd7 39. g3 Rc4 40. Nb3 Re4 41. Rxe4 dxe4 42. Nc5 Bc6 43. Nxa6 Ke7 44. Nb4 Bd5 45. Kf2 Kd6 46. Ke3 Bb7 47. a3 f5 48. Nc2 Kc5 49. Nd4 Bd5 50. h5 Kc4 51. h6 Kc3 0-1


[Site "https://www.chess.com"]

[Event "Titled Tuesday Blitz August 22 Early 2023"]
[White "Wang, Alexander J"]
[Black "Hartikainen, Jarmo"]
[WhiteFideId "30955270"]
[BlackFideId "503134"]
[WhiteElo "2283"]
[BlackElo "2101"]
[Result "1-0"]
[Round "7"]
[TimeControl "180+1"]
[Date "2023.08.22"]
[WhiteClock "0:00:47"]
[BlackClock "0:00:08"]
[Board "202"]

1. e4 c5 2. Nf3 Nc6 3. d4 cxd4 4. Nxd4 Nf6 5. Nc3 d6 6. g3 Bd7 7. Bg2 g6 8. O-O Bg7 9. h3 O-O 10. Be3 a6 11. a4 Rc8 12. f4 e5 13. Nde2 Na5 14. b3 b5 15. axb5 axb5 16. Qxd6 Rc6 17. Qd2 Qc8 18. fxe5 Nh5 19. Rxa5 Bxe5 20. Nd5 Re8 21. Nd4 Bxd4 22. Bxd4 Rxc2 23. Qh6 Rxg2+ 24. Kxg2 Bxh3+ 25. Kg1 Bxf1 26. Nf6+ Nxf6 27. Bxf6 Qc5+ 28. Kxf1 Qf5+ 29. exf5 1-0


[Site "https://www.chess.com"]

[Event "Titled Tuesday Blitz August 22 Early 2023"]
[White "EvgenyBurmakin"]
[Black "Zepeda Berlanga, Jan Enrique"]
[BlackFideId "5132355"]
[WhiteElo "2276"]
[BlackElo "1994"]
[Result "0-1"]
[Round "7"]
[TimeControl "180+1"]
[Date "2023.08.22"]
[WhiteClock "0:00:00"]
[BlackClock "0:00:12"]
[Board "203"]

1. e4 c5 2. Nc3 d6 3. Nf3 Nf6 4. d4 cxd4 5. Nxd4 Nc6 6. Be3 Ng4 7. Bg5 h6 8. Bc1 e5 9. Nb3 Qb6 10. Qf3 Nf6 11. Be3 Qd8 12. h3 Be6 13. O-O-O Be7 14. Nd5 Rc8 15. Kb1 O-O 16. Be2 Bxd5 17. exd5 Nb4 18. a3 Nxc2 19. Bc1 Qb6 20. Bd3 Nxa3+ 21. bxa3 Qxb3+ 22. Bb2 e4 23. Bxe4 Qxf3 24. Bxf3 Rfe8 25. Rhe1 Rc5 26. Re2 Rc7 27. Red2 Rec8 28. g3 a5 29. Be2 Rc5 30. Ka2 Ne4 31. Rd4 Nxf2 32. Rf4 Nxh3 33. Rg4 Ng5 34. Ra4 Rc2 35. Rc4 R2xc4 36. Bxc4 Rxc4 37. Rd2 Rf4 38. Kb3 Rg4 39. Re2 Rxg3+ 40. Kc2 Nf3 41. Bd4 Ne5 42. Kd2 Nc4+ 43. Kc2 Ne5 44. Bxe5 dxe5 45. Rxe5 Bf6 46. Re8+ Kh7 47. d6 h5 48. d7 Rc3+ 49. Kd2 Bg5+ 50. Kxc3 Bf6+ 51. Kd3 h4 52. Re4 h3 53. Re3 h2 54. Rh3+ Kg6 55. Rxh2 Be7 56. Rf2 f5 57. Re2 Kf6 58. Rg2 g5 59. Kd4 f4 60. Ke4 Ke6 61. Rd2 Bd8 62. Kf3 Kf5 63. Rd5+ Kf6 64. Rb5 b6 65. Kg4 Ke6 0-1


[Site "https://www.chess.com"]